 Dungeon Crawl Stone Soup version 0.30.0-18-gc0e69614cb (webtiles) character file.

Game seed: 12044313013479968476

1817 Irreverend the Skirmisher (level 8, -1/71 HPs)
             Began as a Minotaur Hunter on May 24, 2023.
             Shot with an arrow by a centaur (7 damage)
             ... on level 7 of the Dungeon on May 25, 2023.
             The game lasted 00:10:09 (6310 turns).

Irreverend the Skirmisher (Minotaur Hunter)         Turns: 6310, Time: 00:10:10

Health: -1/71      AC:  8    Str: 21    XL:     8   Next: 85%
Magic:  16/16      EV: 15    Int:  6    God:
Gold:   221        SH:  0    Dex: 17    Spells: 7/7 levels left

rFire   + . .        B - +2 sling of Eppere Sify {speed, rElec MP+9 Stlth+}
rCold   + . .        (no shield)
rNeg    + . .        s - +2 leather armour of Insatiable Hunger {rPois rF+ Will+}
rPois   +            (helmet restricted)
rElec   +            y - +0 cloak
rCorr   .            G - +0 pair of gloves
SInv    .            (no boots)
Will    ++...        t - amulet of Cocait {RegenMP Fragile rC+ Will+ Stlth+}
Stlth   ++++         p - +6 ring of strength
HPRegen 0.31/turn    h - ring of positive energy
MPRegen 0.55/turn

%: no passive effects
@: no status effects
A: horns 2, retaliatory headbutt
a: no special abilities


You were on level 7 of the Dungeon.
You visited 2 branches of the dungeon, and saw 8 of its levels.

You collected 221 gold pieces.

Inventory:

Hand Weapons
 a - a +0 shortbow
 B - the +2 sling of Eppere Sify (weapon) {speed, rElec MP+9 Stlth+}
   (You found it on level 5 of the Dungeon)

   rElec:     It insulates you from electricity.
   MP:        It affects your magic capacity (+9).
   Stlth:     It makes you more stealthy.
Armour
 s - the +2 leather armour of Insatiable Hunger (worn) {rPois rF+ Will+}
   (You found it on level 3 of the Dungeon)

   rF:        It protects you from fire.
   rPois:     It protects you from poison.
   Will:      It increases your willpower.
 y - a +0 cloak (worn)
 G - a +0 pair of gloves (worn)
Jewellery
 h - a ring of positive energy (right hand)
 i - an amulet of the acrobat
 p - a +6 ring of strength (left hand)
 t - the amulet of Cocait (around neck) {RegenMP Fragile rC+ Will+ Stlth+}
   (You found it on level 3 of the Dungeon)

   [amulet of magic regeneration]

   It increases your rate of magic regeneration.
   rC:        It protects you from cold.
   Fragile:   It will be destroyed if unequipped.
   Will:      It increases your willpower.
   Stlth:     It makes you more stealthy.
Wands
 e - a wand of polymorph (10)
 E - a wand of paralysis (7)
Scrolls
 b - a scroll of immolation
 c - 3 scrolls of identify
 f - 6 scrolls of teleportation {unknown}
 k - 3 scrolls of magic mapping {unknown}
 l - 2 scrolls of noise {unknown}
 o - a scroll of fog {unknown}
 r - a scroll of enchant weapon {unknown}
 u - 4 scrolls of amnesia {unknown}
Potions
 d - a potion of brilliance
 g - a potion of magic
 j - a potion of mutation
 m - 3 potions of curing
 n - a potion of lignification
 q - a potion of cancellation {unknown}
 v - 3 potions of flight
 w - 4 potions of resistance {unknown}
 x - a potion of attraction {unknown}
 z - a potion of haste {unknown}
 A - a potion of heal wounds {unknown}
 C - a potion of ambrosia {unknown}
 D - a potion of berserk rage {unknown}
 F - a potion of might


   Skills:
 + Level 6.5 Fighting
 * Level 9.2 Ranged Weapons
 + Level 5.9 Armour
 + Level 5.9 Dodging
 - Level 0.7 Stealth


You had 7 spell levels left.
You didn't know any spells.
Your spell library contained the following spells:

 Spells                   Type           Power      Damage    Failure   Level
 Apportation              Tloc           0%         N/A       50%         1
 Necrotise                Necr           0%         1d4       50%         1
 Sandblast                Erth           0%         2d4       50%         1
 Slow                     Hex            0%         N/A       50%         1
 Summon Small Mammal      Summ           0%         N/A       50%         1
 Passwall                 Tmut/Erth      0%         N/A       65%         2
 Sublimation of Blood     Necr           0%         N/A       65%         2
 Wereblood                Tmut           0%         N/A       65%         2
 Confusing Touch          Hex            0%         N/A       86%         3
 Stone Arrow              Conj/Erth      0%         3d7       86%         3
 Vampiric Draining        Necr           0%         2d6       86%         3
 Agony                    Necr           0%         N/A       100%        5
 Summon Hydra             Summ           0%         N/A       100%        7


Dungeon Overview and Level Annotations

Branches:
Dungeon (7/15)             Temple (1/1) D:4

Altars:
Ashenzari
Cheibriados
Dithmenos
Elyvilon
Fedhas
Hepliaklqana
Kikubaaqudgha
Makhleb
Qazlal
Sif Muna
Vehumet
Yredelemnul
Zin
The Shining One

Shops:
D:5 =


Innate Abilities, Weirdness & Mutations

You have a pair of horns on your head.
You reflexively headbutt those who attack you in melee.


Message History

You are too injured to fight recklessly!
You are too injured to fight recklessly!
You are too injured to fight recklessly!
You are too injured to fight recklessly!
You are too injured to fight recklessly!
You are too injured to fight recklessly!
You are too injured to fight recklessly!
You are too injured to fight recklessly!
You are too injured to fight recklessly!
You are too injured to fight recklessly!
You are too injured to fight recklessly!
You are too injured to fight recklessly!
You are too injured to fight recklessly!
You are too injured to fight recklessly!
You are too injured to fight recklessly!
You are too injured to fight recklessly!
You are too injured to fight recklessly!
You are too injured to fight recklessly!
You are too injured to fight recklessly!
You are too injured to fight recklessly!
You are too injured to fight recklessly!
You shoot a sling bullet. The sling bullet hits the centaur.
The centaur is almost dead.
The centaur hits you. The centaur barely misses you.
The centaur attacks as you move away! The centaur barely misses you.
The centaur kicks you but does no damage.
The orc wizard attacks as you move away!
The orc wizard misses you. You furiously retaliate!
You headbutt the orc wizard!
You kill the orc wizard!
The centaur wields a +0 shortbow.
The centaur shoots an arrow.
The arrow barely misses you.
The centaur shoots an arrow.
The arrow hits you!
The orc priest calls down the wrath of Beogh upon you.
Beogh smites you!
* * * LOW HITPOINT WARNING * * *
The centaur shoots an arrow.
The arrow hits you!
* * * LOW HITPOINT WARNING * * *
The centaur shoots an arrow.
The arrow hits you!
You die...

.#. #### ..# ##... ..### .
. ####..## #... .#.
#....... #co# #.. #.......
##).# #.# ##.......
##...####.# ##........
.#.......#.# #.........
#.......@.#.####.########
............†..†.......###
...........#.#............
.......................###
.......................#
...........#.#.........#
...>...................#
.........#.#.........#
.......#.#.........#


You could see a centaur.

Vanquished Creatures
  A hornet (D:7)
  A wraith (D:7)
  Eustachio (D:4)
  A water moccasin (D:7)
  An ice beast (D:5)
  A black bear (D:7)
  An ogre (D:6)
  2 bullfrogs
  2 scorpions
  4 jellies
  A hound (D:6)
  3 orc priests
  3 iguanas
  Ijyb (D:5)
  5 orc wizards
  5 adders
  3 gnolls (D:2)
  A shadow imp (D:6)
  2 white imps
  An ufetubus (D:4)
  A worm (D:2)
  4 dart slugs
  27 orcs
  4 ball pythons
  8 endoplasms
  3 giant cockroaches
  5 goblins
  11 hobgoblins
  9 jackals
  5 quokkas
  10 bats
  5 frilled lizards
  6 kobolds
  2 rats
140 creatures vanquished.

Notes
Turn   | Place    | Note
-------+----------+-------------------------------------------
     0 | D:1      | Irreverend the Minotaur Hunter began the quest for the Orb.
     0 | D:1      | Reached XP level 1. HP: 18/18 MP: 0/0
   130 | D:1      | Reached XP level 2. HP: 25/25 MP: 1/1
   165 | D:1      | Reached skill level 1 in Armour
   453 | D:1      | Reached XP level 3. HP: 30/30 MP: 2/2
   680 | D:2      | Reached skill level 5 in Ranged Weapons
  1012 | D:2      | Identified the +7 spear "Meih Kuu" {drain, Fragile rF++
                  | Dex+4}
  1190 | D:2      | Reached XP level 4. HP: 38/38 MP: 3/3
  1793 | D:3      | Identified the +2 leather armour of Insatiable Hunger
                  | {rPois rF+ Will+}
  1930 | D:3      | Identified the amulet of Cocait {RegenMP Fragile rC+ Will+
                  | Stlth+}
  1948 | D:3      | Found a radiant altar of Vehumet.
  2126 | D:3      | Found a shimmering blue altar of Sif Muna.
  2219 | D:3      | Reached XP level 5. HP: 21/45 MP: 4/4
  2482 | D:3      | Noticed a shadow
  2483 | D:3      | Found a shadowy altar of Dithmenos.
  2484 | D:3      | Found a hazy altar of Hepliaklqana.
  2978 | D:4      | Found a staircase to the Ecumenical Temple.
  2991 | Temple   | Entered the Ecumenical Temple
  3233 | D:4      | Found a stormy altar of Qazlal.
  3421 | D:4      | Reached skill level 6 in Ranged Weapons
  3489 | D:4      | Noticed Eustachio
  3521 | D:4      | Killed Eustachio
  3522 | D:4      | Reached XP level 6. HP: 23/52 MP: 5/5
  3955 | D:5      | Entered Level 5 of the Dungeon
  3955 | D:5      | Found a burning altar of Makhleb.
  4125 | D:5      | Noticed an ice beast
  4140 | D:5      | Killed an ice beast
  4141 | D:5      | Reached XP level 7. HP: 38/60 MP: 6/6
  4214 | D:5      | Noticed Ijyb
  4231 | D:5      | Killed Ijyb
  4232 | D:5      | Reached skill level 7 in Ranged Weapons
  4232 | D:5      | Found Rayro's Jewellery Shoppe.
  4442 | D:5      | Found a snail-covered altar of Cheibriados.
  4466 | D:5      | Reached skill level 5 in Fighting
  4540 | D:5      | Identified the +2 sling of Eppere Sify {speed, rElec MP+9
                  | Stlth+}
  5129 | D:6      | Found a glowing silver altar of Zin.
  5462 | D:6      | Reached XP level 8. HP: 69/69 MP: 7/7
  5599 | D:6      | Reached skill level 8 in Ranged Weapons
  5623 | D:6      | Reached skill level 5 in Dodging
  5948 | D:7      | Reached skill level 5 in Armour
  6032 | D:7      | Noticed a hornet
  6043 | D:7      | Paralysed by a hornet for 1 turns
  6057 | D:7      | Killed a hornet
  6251 | D:7      | Reached skill level 9 in Ranged Weapons
  6310 | D:7      | Shot with an arrow by a centaur

Illustrated notes

Levels and vault maps discovered:
D:1:      ncdulo_smallfort, layout_loops_ring
D:2:      layout_basic, kennysheep_generic_room_6
D:3:      layout_loops_corners, riverfiend_overflow_shadow_ancestor,
          mainiacjoe_overflow_brackets, lemuel_doored_altar, serial_rivers,
          chequers_serial_rivers_large_a, chequers_serial_rivers_room_b,
          chequers_serial_rivers_room_b, chequers_serial_rivers_small_3,
          chequers_serial_rivers_micro_e, chequers_serial_rivers_small_3,
          minivault_4
D:4:      layout_basic, grunt_qazlal_clouds, minmay_temple_entry_overgrown,
          serial_rivers, chequers_serial_rivers_marsh,
          chequers_serial_rivers_small_3, chequers_serial_rivers_small_b,
          chequers_serial_rivers_large_b, chequers_serial_rivers_micro_d,
          chequers_serial_rivers_micro_c, skrybe_limestone_x, uniq_eustachio
D:5:      layout_basic, mainiacjoe_overflow_paths, kennysheep_slug_shrine,
          serial_shops, shop, uniq_ijyb
D:6:      nicolae_BIG_FREAKIN_CUBE, layout_loops_corners,
          mainiacjoe_overflow_tiny_flanked, grunt_decor_clamped
D:7:      layout_rooms
Temple:   hellmonk_temple_rainy

Skill      XL: |  1  2  3  4  5  6  7  8 |
---------------+-------------------------+-----
Armour         | 1 2 3 4 5 |  5.9
Fighting       | 3 4 5 6 |  6.5
Ranged Weapons | 5 6 7 9 |  9.2
Dodging        | 3 4 5 |  5.9
Stealth        | |  0.7

Action                     |  1- 3 |  4- 6 |  7- 9 || total
---------------------------+-------+-------+-------++-------
   Fire: Shortbow          |    91 |   198 |    78 ||   367
         Sling             |       |       |   160 ||   160
  Evoke: Wand              |       |       |     1 ||     1
    Use: Scroll            |       |     6 |       ||     6
         Potion            |       |       |     1 ||     1
 Armour: Leather armour    |     2 |    30 |    28 ||    60
  Dodge: Dodged            |    18 |    79 |    69 ||   166
